 Dungeon Crawl Stone Soup version 0.14-a0-426-gb52781e (webtiles) character file.

808 PolkaDot the Ruinous (level 7, 0/44 HPs)
             Began as a Vampire Wizard on Oct 28, 2013.
             Slain by a worker ant (4 damage)
             ... on Level 5 of the Dungeon.
             The game lasted 00:19:17 (3994 turns).

PolkaDot the Ruinous (Vampire Wizard)               Turns: 3994, Time: 00:19:17

HP   0/44        AC  4     Str  7      XL: 7   Next: 18%
MP   1/17        EV 18     Int 21      God:
Gold 206         SH  0     Dex 17      Spells:  4 memorised,  3 levels left

Res.Fire  : + . .   See Invis. : +   B - +3,+0 elf dagger
Res.Cold  : x . .   Warding    : .   C - +1 elf robe
Life Prot.: . . .   Conserve   : .   (no shield)
Res.Poison: .       Res.Corr.  : .   b - +0 wizard hat
Res.Elec. : .       Clarity    : .   (no cloak)
Sust.Abil.: . .     Spirit.Shd : .   u - +0 pair of elf gloves
Res.Mut.  : .       Stasis     : .   (no boots)
Res.Rott. : .       Flight     : .   (no amulet)
Saprovore : . . .                    (no ring)
                                     n - ring of fire

@: regenerating quickly, agile, mildly poisoned, slightly resistant to hostile
enchantments, quite stealthy
A: bottle blood, fangs 3, see invisible, unbreathing
a: Bottle Blood


You were on level 5 of the Dungeon.
You were very full.

You visited 1 branch of the dungeon, and saw 5 of its levels.

You collected 186 gold pieces.

Inventory:

Hand weapons
 B - a +3,+0 elven dagger (weapon)
Armour
 b - a +0 wizard hat (worn)
 u - a +0 pair of elven gloves (worn)
 C - a +1 elven robe (worn)
Magical devices
 z - a wand of magic darts (13)
Scrolls
 f - a scroll of magic mapping
 j - a scroll of identify
 q - a scroll of recharging {unknown}
 v - a scroll of noise {unknown}
 y - 3 scrolls of amnesia {unknown}
Jewellery
 n - a ring of fire (left hand)
Potions
 e - 2 potions of curing
 i - a potion of invisibility
 m - a potion of agility
 o - 3 potions of heal wounds {unknown}
 s - a potion of magic {unknown}
 t - a potion of restore abilities {unknown}
 w - a potion of resistance {unknown}
 x - a potion of poison {unknown}
 A - a potion of speed {unknown}
Books
 c - a book of Minor Magic

   Spells                             Type                      Level
   *Magic Dart                        Conjuration                  1
   Blink                              Translocation                2
   *Call Imp                          Summoning                    2
   Repel Missiles                     Charms/Air                   2
   Slow                               Hexes                        2
   *Conjure Flame                     Conjuration/Fire             3
   *Mephitic Cloud                    Conjuration/Poison/Air       3


   Skills:
 - Level 2.1 Dodging
 - Level 3.0 Stealth
 - Level 3.0 Spellcasting
 * Level 4.8 Conjurations
 + Level 4.2 Summonings
   Level 0.7 Translocations


You had 3 spell levels left.
You knew the following spells:

 Your Spells              Type           Power        Failure   Level  Hunger
a - Magic Dart            Conj           ###.         1%          1    None
d - Mephitic Cloud        Conj/Pois/Air  #.......     24%         3    ###....
s - Conjure Flame         Conj/Fire      ###.....     17%         3    ###....
z - Call Imp              Summ           ###.......   3%          2    ##.....


Dungeon Overview and Level Annotations

Branches:
Dungeon (5/27)
 Temple: D:4-7

Altars:

Annotations:
D:5 Blork the orc


Innate Abilities, Weirdness & Mutations

Your natural rate of healing is unusually fast.
You can bottle blood from corpses.
You have razor-sharp teeth.*
You have supernaturally acute eyesight.
You can survive without breathing.*


Message History

The worker ant is almost dead.
The worker ant bites you.
* * * LOW HITPOINT WARNING * * *
You are more poisoned.
The worker ant poisons you!
You barely miss the worker ant.
You bite the worker ant, but do no damage.
The worker ant is almost dead.
The worker ant barely misses you.
You hit the worker ant but do no damage.
The worker ant is almost dead.
The worker ant bites you.
* * * LOW HITPOINT WARNING * * *
The worker ant bites you.
* * * LOW HITPOINT WARNING * * *
You hit the worker ant.
The worker ant is almost dead.
* * * LOW HITPOINT WARNING * * *
You feel sick. The worker ant bites you.
You die...

..... ...(#
#.#.#### #.#.#..
#.#.#.# # #.#...#
# #.#.#..# ....
#.#%#a)# ....
#..#@..# ...
###.#.## #.Z
#.#.###..# ##.a
#.(.(..?.# .g5
...c.c.....###.##
#. .########## #5
#[ #. ..>


You could see a worker ant.

Vanquished Creatures
  A crimson imp (D:4)
  2 jellies (D:5)
  2 orc priests (D:4)
  An orc wizard (D:4)
  An ogre skeleton (D:5)
  11 adders
  2 worms
  A giant gecko (D:2)
  6 orcs (D:4)
  A ball python (D:1)
  3 giant cockroaches
  8 hobgoblins
  4 jackals (D:4)
  6 kobolds
  6 bats
  A giant newt (D:1)
  8 goblins
  A quokka (D:5)
  11 rats
76 creatures vanquished.

Vanquished Creatures (collateral kills)
  The ghost of SkaryMonk the Chopper, an average HOAK of Lugonu (D:3)
  An ogre (D:4)
  Duvessa (D:4)
  Dowan (D:4)
  2 worker ants (D:4)
  A quokka (D:3)
7 creatures vanquished.

Vanquished Creatures (others)
  A centaur (D:5)
  2 crimson imps
  2 shadow imps
  A white imp (D:4)
6 creatures vanquished.

Grand Total: 89 creatures vanquished

Notes
Turn   | Place    | Note
--------------------------------------------------------------
     0 | D:1      | PolkaDot, the Vampire Wizard, began the quest for the Orb.
     0 | D:1      | Reached XP level 1. HP: 11/11 MP: 6/6
   118 | D:1      | Reached skill level 1 in Conjurations
   311 | D:1      | Reached XP level 2. HP: 17/17 MP: 5/8
   315 | D:1      | Learned a level 2 spell: Call Imp
   887 | D:2      | Reached XP level 3. HP: 22/22 MP: 6/10
  1592 | D:2      | Reached XP level 4. HP: 28/28 MP: 8/12
  1603 | D:2      | Learned a level 3 spell: Conjure Flame
  1607 | D:2      | Learned a level 3 spell: Mephitic Cloud
  1735 | D:3      | Noticed SkaryMonk's ghost (average HOAK)
  1796 | D:3      | Killed SkaryMonk's ghost
  1952 | D:3      | Reached XP level 5. HP: 29/33 MP: 8/13
  3149 | D:4      | Noticed Duvessa
  3151 | D:4      | Noticed Dowan
  3226 | D:4      | Killed Duvessa
  3226 | D:4      | Reached XP level 6. HP: 15/39 MP: 5/15
  3235 | D:4      | Killed Dowan
  3376 | D:4      | Noticed an ogre
  3393 | D:4      | Killed an ogre
  3393 | D:4      | Reached skill level 4 in Conjurations
  3727 | D:5      | Entered Level 5 of the Dungeon
  3727 | D:5      | Noticed Blork the orc
  3942 | D:5      | Reached XP level 7. HP: 44/44 MP: 3/17
  3994 | D:5      | Slain by a worker ant

Action                   |  1- 3 |  4- 6 |  7- 9 || total
-------------------------+-------+-------+-------++-------
Melee: Short sword       |    20 |    28 |       ||    48
       Dagger            |       |    29 |    22 ||    51
 Cast: Magic Dart        |    58 |   112 |    10 ||   180
       Call Imp          |       |    19 |       ||    19
       Conjure Flame     |       |     6 |       ||     6
       Mephitic Cloud    |       |     2 |       ||     2
  Use: Potion            |       |     3 |     1 ||     4
       Scroll            |       |     9 |       ||     9
 Stab: Sleeping          |     3 |     4 |       ||     7
       Distracted        |       |     2 |       ||     2
